cohdb
Replays
Latest Replays
All Replays
Popular Replays
Top Player Replays
Match Explorer
How It Works
Community
CoH3 Stats
Reddit
Sign in to upload your games and track your stats! →
Sign in with Steam
2v2 vs aSIIDemolitionHammer, caumoh
Match 40249760
Overview
Messages
Build Orders
End
Construct Barracks
Selects Special Operations Battlegroup
Riflemen Squad
Riflemen Squad
Selects M29 Weasel Recon Vehicle
Grenade Package
Riflemen Squad
Construct Medical Station
Selects Smoke Screen
Infantry Support Center
Mechanized Support Center
Smoke Screen
Construct Motor Pool
M1 Anti-tank Gun Team
M8 Greyhound Armored Car
Smoke Screen
Selects SSF Commando Squad
M1918 Browning Automatic Rifles
M1 Anti-tank Gun Team
M24 Chaffee Light Tank
Selects P-47 Anti-Infantry Loiter
Riflemen Squad
Selects UNKNOWN (2162291)
Selects Assault Operation
M1 Anti-tank Gun Team
Smoke Screen
SSF Commando Squad
P-47 Anti-Infantry Loiter
Construct Tank Depot
Smoke Screen
P-47 Anti-Infantry Loiter
M4A1 Sherman Whizbang
Smoke Screen
M4(105) Sherman Bulldozer
Designate Forward Repair Station
M18 Hellcat Tank Destroyer
Smoke Screen
CAuMOH
aSIIDemolitionHammer
MrGlaucus
Discoverer
0
0
Comments
sign in to comment!
No comments posted yet!